 Dungeon Crawl Stone Soup version 0.31-a0-986-g5e6e4ef867 (webtiles) character file.

Game seed: 5451371623388174118

396 porpoise the Vexing (level 6, -1/41 HPs)
             Began as a Demonspawn Enchanter on Nov 6, 2023.
             Slain by an iguana (8 damage)
             ... on level 5 of the Dungeon.
             The game lasted 00:14:20 (4445 turns).

porpoise the Vexing (Demonspawn Enchanter)          Turns: 4445, Time: 00:14:20

Health: -1/41      AC:  2    Str:  8    XL:     6   Next: 52%
Magic:  3/9        EV: 12    Int: 19    God:
Gold:   248        SH:  0    Dex: 13    Spells: 4/9 levels left

rFire   . . .        a - +1 dagger
rCold   . . .        (no shield)
rNeg    . . .        b - +0 robe
rPois   .            (helmet restricted)
rElec   .            (no cloak)
rCorr   .            (no gloves)
SInv    .            (no boots)
Will    .....        (no amulet)
Stlth   ++           (no ring)
HPRegen 0.26/turn    (no ring)
MPRegen 0.11/turn

%: no passive effects
@: no status effects
A: hooves 1, horns 1, demonic magic 1, weakness stinger 1
a: no special abilities


You were on level 5 of the Dungeon.
You visited 1 branch of the dungeon, and saw 5 of its levels.

You collected 248 gold pieces.

Inventory:

Hand Weapons
 a - a +1 dagger (weapon)
Missiles
 l - 2 poisoned darts
 s - 2 boomerangs
Armour
 b - a +0 robe (worn)
Magical Staves
 r - a staff of earth
Scrolls
 d - 2 scrolls of teleportation
 m - a scroll of acquirement {unknown}
 n - a scroll of blinking
 o - a scroll of immolation {unknown}
 q - a scroll of poison {unknown}
 t - a scroll of revelation {unknown}
 u - a scroll of fog {unknown}
Potions
 c - a potion of invisibility
 e - a potion of resistance
 f - 2 potions of heal wounds
 g - 2 potions of mutation
 h - a potion of curing {unknown}
 i - a potion of cancellation
 j - a potion of might
 k - a potion of attraction {unknown}
 p - a potion of lignification {unknown}
 v - a potion of degeneration {unknown}
 w - a potion of brilliance {unknown}


   Skills:
 + Level 3.5 Short Blades
 - Level 1.7 Dodging
 - Level 2.6 Stealth
 - Level 2.4 Spellcasting
 + Level 4.9 Hexes
 + Level 2.8 Ice Magic


You had 4 spell levels left.
You knew the following spells:

 Your Spells              Type           Power      Damage    Failure   Level
a - Confusing Touch       Hex            21%        N/A       6%          3
e - Ensorcelled Hibernat  Hex/Ice        34%        N/A       4%          2

Your spell library contained the following spells:

 Spells                   Type           Power      Damage    Failure   Level
 Jinxbite                 Hex            42%        N/A       3%          2
 Tukima's Dance           Hex            21%        N/A       6%          3
 Kiss of Death            Conj/Necr      8%         2d6       16%         1
 Dazzling Flash           Conj/Hex       22%        N/A       17%         3
 Sublimation of Blood     Necr           2%         N/A       24%         2
 Wereblood                Tmut           2%         N/A       24%         2
 Anguish                  Hex/Necr       5%         N/A       50%         4
 Dispel Undead            Necr           2%         3d7       85%         4
 Silence                  Hex/Air        5%         N/A       85%         5
 Agony                    Necr           2%         N/A       99%         5
 Summon Hydra             Summ           1%         N/A       100%        7


Dungeon Overview and Level Annotations

Branches:
Dungeon (5/15)
 Temple: D:4-7

Altars:
Fedhas

Annotations:
D:4 2 transporters, XomNomNom's ghost, amateur DsMo


Innate Abilities, Weirdness & Mutations

You have large cloven feet.
You have a pair of small horns on your head.
Spells you cast may paralyse adjacent enemies.
You have a small tail.


Message History

You impale the scorpion!!
You kill the scorpion!
You start resting.
An orc comes into view. It is wielding a +0 flail.
An orc is nearby!
Magic restored.
You see here a maw talisman.
You now have 248 gold pieces (gained 17).
w - a fizzy red potion
Okay, then.
There is a stone staircase leading up here.
A shadow imp comes into view.
The shadow imp shouts!
A shadow imp is nearby!
Unknown command.
An iguana comes into view.
There is a stone staircase leading up here.
Casting: Ensorcelled Hibernation (safe; 4% risk of failure)
Confirm with . or Enter, or press ? or * to list all spells.
Your hands begin to glow red.
Malevolent energies surge around you. The shadow imp gestures at you.
Pain shoots through your body! The shadow imp gestures at you.
Pain shoots through your body!
You hit the shadow imp but do no damage.
The shadow imp appears confused.
You kick the shadow imp, but do no damage.
Your headbutt misses the shadow imp. The iguana bites you!
* * * LOW HITPOINT WARNING * * *
Casting: Confusing Touch (dangerous; 6% risk of failure)
Confirm with . or Enter, or press ? or * to list all spells.
Your hands begin to glow red.
Malevolent energies surge around you. The iguana bites you.
* * * LOW HITPOINT WARNING * * *
You hit the iguana but do no damage.
The iguana appears confused.
You kick the iguana, but do no damage. You headbutt the iguana.
You tail-slap the iguana.
The iguana is moderately wounded.
The iguana bites you!
You die...

.. #.## ... ......
#..# ...# ...... ..#
8..##
......####.###....#.
..............8.8...
....................
...........).#8.8...
........l.%.........
#$...5.@...#..8..
#.................
#.................
#..#.......###.##..
... #........# ..#
.# ............ ...
..........###. ...
##.......## ...


You could see an iguana (confused) and a shadow imp (confused).

Vanquished Creatures
  A centaur (D:5)
  A scorpion (D:5)
  An orc priest (D:4)
  An iguana (D:4)
  2 orc wizards (D:3)
  7 adders
  A white imp (D:5)
  6 worms
  4 dart slugs
  11 orcs
  6 ball pythons
  4 bats
  2 endoplasms
  2 giant cockroaches
  A goblin (D:3)
  4 hobgoblins
  7 jackals
  2 quokkas
  2 frilled lizards (D:3)
  6 kobolds
  7 rats
78 creatures vanquished.

Notes
Turn   | Place    | Note
-------+----------+-------------------------------------------
     0 | D:1      | porpoise the Demonspawn Enchanter began the quest for the
                  | Orb.
     0 | D:1      | Reached XP level 1. HP: 13/13 MP: 3/3
   151 | D:1      | Reached skill level 1 in Short Blades
   276 | D:1      | Found a faded altar of an unknown god.
   315 | D:1      | Gained mutation: Spells you cast may paralyse adjacent
                  | enemies. [demonic ancestry]
   315 | D:1      | Reached XP level 2. HP: 4/19 MP: 5/5
   428 | D:1      | Learned a level 2 spell: Ensorcelled Hibernation
  1258 | D:2      | Reached XP level 3. HP: 22/24 MP: 1/6
  1262 | D:2      | Learned a level 3 spell: Confusing Touch
  2276 | D:3      | Reached skill level 1 in Ice Magic
  2276 | D:3      | Discovered your monstrous ancestry.
  2276 | D:3      | Gained mutation: You have large cloven feet. [demonic
                  | ancestry]
  2276 | D:3      | Reached XP level 4. HP: 30/30 MP: 4/7
  2632 | D:3      | Found a blossoming altar of Fedhas.
  3047 | D:3      | Reached skill level 4 in Hexes
  3058 | D:3      | Gained mutation: You have a pair of small horns on your
                  | head. [demonic ancestry]
  3058 | D:3      | Reached XP level 5. HP: 11/35 MP: 3/8
  3887 | D:4      | Found a transporter.
  3895 | D:4      | Noticed XomNomNom's ghost (amateur DsMo)
  4148 | D:4      | Found a transporter.
  4319 | D:5      | Entered Level 5 of the Dungeon
  4319 | D:5      | Noticed a centaur
  4327 | D:5      | Killed a centaur
  4328 | D:5      | Gained mutation: You have a small tail. [demonic ancestry]
  4328 | D:5      | Reached XP level 6. HP: 33/41 MP: 3/9
  4445 | D:5      | Slain by an iguana

Illustrated notes

Levels and vault maps discovered:
D:1:      tarquinn_simple_flora_water_c, layout_loops_cross,
          hellmonk_ecumenical_altar_crossroads, chequers_serial_rivers_micro_e
D:2:      layout_rooms
D:3:      layout_loops_ring, fedhas_altar_4
D:4:      layout_basic, gammafunk_ghost_arena
D:5:      layout_cave_pools, serial_column_ruins, column_ruins_open_small,
          column_ruins_open_small, column_ruins_corridor_straight,
          column_ruins_columns_straight, uniq_pikel, uniq_duvessa

Skill      XL: |  1  2  3  4  5 |
---------------+----------------+-----
Short Blades   | 1 2 3 |  3.5
Ice Magic      | 1 2 |  2.8
Hexes          | 4 |  4.9
Dodging        | |  1.7
Stealth        | |  2.6
Spellcasting   | |  2.4

Action                     |  1- 3 |  4- 6 || total
---------------------------+-------+-------++-------
  Melee: Dagger            |   200 |   146 ||   346
         Punch             |     3 |     1 ||     4
         Kick              |       |    35 ||    35
         Headbutt          |       |    16 ||    16
         Tailslap          |       |     5 ||     5
   Cast: Ensorcelled Hiber |     9 |    14 ||    23
         Confusing Touch   |     2 |     4 ||     6
    Use: Scroll            |     1 |     7 ||     8
         Potion            |     1 |       ||     1
   Stab: Sleeping          |     8 |     9 ||    17
         Paralysed         |     4 |    12 ||    16
         Confused          |     2 |       ||     2
 Armour: Robe              |    88 |    65 ||   153
  Dodge: Dodged            |   135 |    43 ||   178

Table legend: (Time is in decaauts)
 A = Elapsed time spent in this place.
 B = Non-inter-level travel time spent in this place.
 C = Inter-level travel time spent in this place.
 D = Time resting spent in this place.
 E = Time spent auto-exploring this place.
 F = Levels seen in this place.
 G = Mean time per level.
                   A        B        C        D        E       F      G
               +--------+--------+--------+--------+--------+-----+--------+
         Total |   4412 |   4281 |    131 |   1295 |   2154 |   5 |  882.4 |
       Dungeon |   4412 |   4281 |    131 |   1295 |   2154 |   5 |  882.4 |
               +--------+--------+--------+--------+--------+-----+--------+

Top non-repeatable levels by time:
     D:3: 1244 daAuts
     D:1: 1169 daAuts
     D:4: 1008 daAuts
     D:2: 932 daAuts
     D:5: 56 daAuts
